 Dungeon Sprint DCSS version 0.20-a0-1056-g7622305 (webtiles) character file.

467 Denreik the Spear-Bearer (level 7, -8/56 HPs)
             Began as a Formicid Fighter on Apr 25, 2017.
             Was the Champion of Jiyva.
             Mangled by a 12-headed hydra (9 damage)
             ... in the Dungeon (Sprint IX: "|||||||||||||||||||||||||||||").
             The game lasted 00:03:39 (386 turns).

Denreik the Spear-Bearer (Formicid Fighter)          Turns: 386, Time: 00:03:40

Health: -8/56      AC: 17    Str: 22    XL:     7   Next: 30%
Magic:  7/7        EV: 10    Int:  9    God:    Jiyva [******]
Gold:   0          SH:  9    Dex:  9    Spells: 6/6 levels left

rFire    . . .     SeeInvis +   r - +2 halberd (protect)
rCold    . . .     Gourm    .   c - +0 shield
rNeg     . . .     Faith    .   t - +1 chain mail
rPois    .         Spirit   .   (helmet unavailable)
rElec    .         Reflect  .   (no cloak)
rCorr    +         Harm     .   (no gloves)
MR       .....                  (no boots)
Stlth    ..........             (no amulet)
Regen    0.2/turn               u - +2 ring of evasion
MPRegen  0.1/turn               v - +2 ring of evasion

@: protection aura
A: permanent stasis, dig shafts and tunnels, four strong arms, antennae 3,
evolution 1
a: Dig, Request Jelly, Slimify, Cure Bad Mutation, Renounce Religion


You were in the Dungeon.
You worshipped Jiyva.
Jiyva was exalted by your worship.
You were not hungry.

You visited 1 branch

Inventory:

Hand Weapons
 a - a +0 quarterstaff
 r - a +2 halberd of protection (weapon)
Armour
 b - a +0 scale mail
 c - a +0 shield (worn)
 s - a +0 cloak
 t - a +1 chain mail (worn)
Magical Staves
 q - an uncursed staff of energy
Jewellery
 u - a +2 ring of evasion (left hand)
 v - a +2 ring of evasion (right hand)
Wands
 p - a wand of lightning (7/15)
Scrolls
 k - 2 scrolls of blinking
 n - 3 scrolls of remove curse
 o - 2 scrolls of amnesia
Potions
 d - a potion of might
 e - 5 potions of curing
 g - 3 potions of heal wounds
 h - a potion of haste
 i - 4 potions of magic
 j - a potion of berserk rage
 m - a potion of invisibility
Comestibles
 f - 2 chunks of flesh


   Skills:
 - Level 5.5 Fighting
 * Level 12.4(12.9) Polearms
 - Level 6.0(10.1) Staves
 - Level 3.2 Armour
 - Level 4.1 Shields


You had 6 spell levels left.
You didn't know any spells.

Dungeon Overview and Level Annotations

Branches:
Dungeon (1/1)

Altars:
Cheibriados
Dithmenos
Elyvilon
Fedhas
Gozag
Hepliaklqana
Kikubaaqudgha
Makhleb
Nemelex Xobeh
Okawaru
Qazlal
Ru
Sif Muna
Trog
Uskayaw
Vehumet
Wu Jian
Xom
Yredelemnul
Zin
The Shining One
Beogh
Jiyva
Lugonu


Innate Abilities, Weirdness & Mutations

You cannot be hasted, slowed, berserked, paralysed or teleported.
You can dig through walls and to a lower floor.
Your four strong arms can wield two-handed weapons with a shield.
You have a pair of large antennae on your head. (SInv)
You evolve.


Message History

You block the 11-headed hydra's attack. The 11-headed hydra bites you.
The 11-headed hydra bites you but does no damage.
The 11-headed hydra bites you.
The 11-headed hydra bites you but does no damage. x3
The 11-headed hydra barely misses you.
The 11-headed hydra bites you but does no damage.
The 11-headed hydra bites you!
* * * LOW HITPOINT WARNING * * *
The 11-headed hydra bites you.
* * * LOW HITPOINT WARNING * * *
Attack whom?
Press: ? - help, Dir - move target cursor, f/p - 11-headed hydra
Aim: an 11-headed hydra (lightly wounded, covered in acid)
You hack one of the 11-headed hydra's heads off!
The ten-headed hydra grows two more!
You puncture the 12-headed hydra!
The 12-headed hydra is lightly wounded.
The 12-headed hydra barely misses you. The 12-headed hydra bites you.
* * * LOW HITPOINT WARNING * * *
You block the 12-headed hydra's attack. The 12-headed hydra bites you!
You die... ▓▓▓▓▓▓▓▓▓▓▓▓▓▓▓▓▓▓▓▓▓▓▓▓▓▓▓▓▓ _____'.........'@D9ctF'...... ▓▓▓▓▓▓▓▓▓▓▓▓▓▓▓▓▓▓▓▓▓▓▓▓▓▓▓▓▓ {{{{{ {{{{{{{{ {

You could see a 12-headed hydra, a crocodile, a gargoyle, a bullfrog and a centaur.

Vanquished Creatures
  A yak (D)
  A hungry ghost (D)
  A crocodile (D)
  A wight (D)
  2 hounds (D)
  2 adders (D)
  A shadow imp (D)
  2 dart slugs (D)
  A leopard gecko (D)
  2 orcs (D)
  A bat (D)
  A kobold (D)
  A rat (D)
17 creatures vanquished.

Vanquished Creatures (others)
  2 jellies (D)
2 creatures vanquished.

Grand Total: 19 creatures vanquished

Notes
Turn   | Place    | Note
-------+----------+-------------------------------------------
     0 | D        | Denreik the Formicid Fighter began the quest for the Orb.
     0 | D        | Reached XP level 1. HP: 18/18 MP: 1/1
     9 | D        | Reached skill level 5 in Fighting
    11 | D        | Reached XP level 2. HP: 27/27 MP: 2/2
    44 | D        | Reached XP level 3. HP: 19/33 MP: 3/3
    47 | D        | Reached XP level 4. HP: 23/39 MP: 4/4
   195 | D        | Found a roughly hewn altar of Beogh.
   195 | D        | Found a snail-covered altar of Cheibriados.
   195 | D        | Found a shadowy altar of Dithmenos.
   195 | D        | Found a white marble altar of Elyvilon.
   195 | D        | Found a blossoming altar of Fedhas.
   195 | D        | Found an opulent altar of Gozag.
   196 | D        | Found a hazy altar of Hepliaklqana.
   197 | D        | Found a viscous altar of Jiyva.
   198 | D        | Found an ancient bone altar of Kikubaaqudgha.
   199 | D        | Found a corrupted altar of Lugonu.
   200 | D        | Found a burning altar of Makhleb.
   201 | D        | Found a sparkling altar of Nemelex Xobeh.
   202 | D        | Found an iron altar of Okawaru.
   203 | D        | Found a stormy altar of Qazlal.
   204 | D        | Found a sacrificial altar of Ru.
   205 | D        | Became a worshipper of Jiyva Jutuukhl the Shapeless
   206 | D        | Found a deep blue altar of Sif Muna.
   207 | D        | Found a bloodstained altar of Trog.
   208 | D        | Found a hide-covered altar of Uskayaw.
   209 | D        | Found a radiant altar of Vehumet.
   210 | D        | Found an ornate altar of the Wu Jian Council.
   211 | D        | Found a shimmering altar of Xom.
   212 | D        | Found a basalt altar of Yredelemnul.
   213 | D        | Found a glowing silver altar of Zin.
   214 | D        | Found a glowing golden altar of the Shining One.
   219 | D        | Reached * piety under Jiyva
   219 | D        | Reached ** piety under Jiyva
   255 | D        | Noticed a crocodile
   255 | D        | Noticed a yak
   255 | D        | Noticed a hungry ghost
   256 | D        | Reached skill level 2 in Polearms
   263 | D        | Killed a crocodile
   263 | D        | Reached skill level 6 in Polearms
   263 | D        | Reached XP level 5. HP: 36/44 MP: 5/5
   271 | D        | Reached skill level 8 in Polearms
   282 | D        | Killed a yak
   282 | D        | Reached skill level 10 in Polearms
   282 | D        | Reached XP level 6. HP: 31/51 MP: 6/6
   297 | D        | Killed a hungry ghost
   297 | D        | Reached skill level 12 in Polearms
   297 | D        | Reached XP level 7. HP: 37/56 MP: 7/7
   357 | D        | Reached *** piety under Jiyva
   357 | D        | Reached **** piety under Jiyva
   357 | D        | Gained mutation: Armour fits poorly on your strangely shaped body. [Jiyva's grace]
   359 | D        | Reached ***** piety under Jiyva
   361 | D        | Gained mutation: You are partially covered in large bone plates. (SH +4) [Jiyva's grace]
   361 | D        | Gained mutation: You evolve. [Jiyva's grace]
   363 | D        | Lost mutation: You are partially covered in large bone plates. (SH +4) [Jiyva's grace]
   363 | D        | Reached ****** piety under Jiyva
   363 | D        | Lost mutation: Armour fits poorly on your strangely shaped body. [Jiyva's grace]
   370 | D        | Noticed a gargoyle
   370 | D        | Noticed a seven-headed hydra
   386 | D        | HP: 1/56 [12-headed hydra (5)]
   386 | D        | Mangled by a 12-headed hydra

Vault maps used:
D:        linesprint

Skill      XL: |  1  2  3  4  5  6 |
---------------+-------------------+-----
Fighting       | 5 |  5.5
Staves         | 6 |  6.0
Shields        | 4 |  4.1
Polearms       | 6 10 12 | 12.4
Armour         | |  3.2

Action                   |  1- 3 |  4- 6 |  7- 9 || total
-------------------------+-------+-------+-------++-------
Melee: Quarterstaff      |    20 |     4 |       ||    24
       Halberd           |       |    39 |     9 ||    48
  Eat: Bread ration      |       |     1 |       ||     1
Armor: Scale mail        |     7 |     1 |       ||     8
       Chain mail        |       |    14 |    11 ||    25
Dodge: Dodged            |     4 |     9 |     6 ||    19
Block: Shield            |     7 |    10 |     6 ||    23
